 Dungeon Crawl Stone Soup version 0.23.1 (webtiles) character file.

Game seed: 10053876151456111411

798 misha the Cudgeler (level 7, -2/63 HPs)
             Began as a Minotaur Fighter on Mar 16, 2019.
             Killed from afar by an electric eel (7 damage)
             ... with a bolt of electricity
             ... on level 6 of the Dungeon.
             The game lasted 00:12:43 (4502 turns).

misha the Cudgeler (Minotaur Fighter)               Turns: 4502, Time: 00:12:49

Health: -2/63      AC: 17    Str: 23    XL:     7   Next: 58%
Magic:  6/6        EV:  4    Int:  5    God:
Gold:   227        SH: 18    Dex:  9    Spells: 6/6 levels left

rFire    . . .     SeeInvis .   p - -3 mace (curse)
rCold    . . .     Gourm    .   c - +0 shield
rNeg     . . .     Faith    .   z - +5 plate armour {ponderous}
rPois    .         Spirit   .   (helmet restricted)
rElec    .         Reflect  +   q - +0 cloak
rCorr    .         Harm     .   (no gloves)
MR       +....                  (no boots)
Stlth    ..........             u - brooch of Shielding {Reflect SH+8}
HPRegen  0.20/turn              v - ring of attention (curse)
MPRegen  0.10/turn              m - ring of protection from magic

@: very slow
A: retaliatory headbutt, horns 2
a: no special abilities


You were on level 6 of the Dungeon.
You were not hungry.

You visited 1 branch of the dungeon, and saw 6 of its levels.

You collected 227 gold pieces.

Inventory:

Hand Weapons
 a - a +1 flail
 p - a cursed -3 mace (weapon)
Missiles
 i - 12 poisoned needles
 w - 6 tomahawks of returning (quivered)
Armour
 c - a +0 shield (worn)
 n - a +3 scale mail of fire resistance
 q - a +0 cloak (worn)
 y - a +0 pair of boots
 z - a +5 plate armour of ponderousness (worn)
Jewellery
 h - an uncursed amulet of regeneration
 m - a ring of protection from magic (right hand)
 u - the brooch of Shielding (around neck) {Reflect SH+8}
   (You found it on level 5 of the Dungeon)

   [amulet of reflection]

   It shields you and reflects attacks.
   It affects your SH (+8).
 v - a cursed ring of attention (left hand)
Wands
 o - a wand of digging (5)
Scrolls
 b - a scroll of fear {unknown}
 g - a scroll of noise
 r - a scroll of enchant armour
 s - a scroll of fog
 A - a scroll of teleportation {unknown}
Potions
 d - a potion of might
 e - a potion of resistance
 j - a potion of agility
 k - a potion of heal wounds
 l - a potion of degeneration {unknown}
 t - a potion of brilliance {unknown}
 x - 2 potions of haste
 B - a potion of magic {unknown}
Comestibles
 f - 8 rations


   Skills:
 + Level 6.3 Fighting
 * Level 7.4 Maces & Flails
 - Level 4.0 Armour
 + Level 6.1 Shields


You had 6 spell levels left.
You didn't know any spells.
Your spell library contained the following spells:

 Spells                   Type           Power        Failure   Level  Hunger
 Freeze                   Ice            #...         100%        1    ##.....
 Throw Frost              Conj/Ice       #.....       100%        2    ###....
 Ozocubu's Armour         Chrm/Ice       #.......     100%        3    ####...
 Summon Ice Beast         Ice/Summ       #.......     100%        4    #####..
 Throw Icicle             Conj/Ice       #.......     100%        4    #####..


Dungeon Overview and Level Annotations

Branches:
Dungeon (6/15)
 Temple: D:4-7

Altars:

Shops:
D:4 [


Innate Abilities, Weirdness & Mutations

You reflexively headbutt those who attack you in melee.
You have a pair of horns on your head.


Message History

The electric eel shoots out a bolt of lightning at you!
The bolt of electricity hits you.
Your shield and plate armour prevent you from hitting the electric eel.
Your headbutt misses the electric eel. You closely miss the electric eel.
Your headbutt misses the electric eel.
The electric eel shoots out a bolt of lightning at you!
The bolt of electricity hits you!
Your plate armour prevents you from hitting the electric eel.
The electric eel shoots out a bolt of lightning at you!
The bolt of electricity hits you!
* * * LOW HITPOINT WARNING * * *
A hound comes into view.
You miss the electric eel.
The hound barks!
The electric eel shoots out a bolt of lightning at you!
The bolt of electricity hits you!
* * * LOW HITPOINT WARNING * * *
The electric eel shoots out a bolt of lightning at you!
The bolt of electricity hits you!
You die...

+......+ #......# #....#
#..(.# #..(.#
###########'(###########
≈≈≈≈≈≈≈≈≈.(...(≈≈≈≈≈≈≈≈≈
≈≈≈≈≈≈≈≈≈≈)..(≈)≈≈≈≈≈≈≈≈
≈h≈≈≈≈;@≈≈....)≈≈≈≈≈≈≈≈≈
≈≈≈≈≈...≈≈..)(≈))(..≈.≈≈
..........(....(........
........................
....(.................##
########.....(.....#.##
.......))..........
......#)...<#.#.###
###.#.#)#####.#.###


You could see a hound and an electric eel.

Vanquished Creatures
  An ice beast (D:6)
  2 ogres (D:5)
  A scorpion (D:5)
  3 orc wizards
  Crazy Yiuf (D:2)
  An orc priest (D:4)
  2 hounds
  4 worker ants
  4 gnolls (D:3)
  4 adders
  A shadow imp (D:3)
  An ooze (D:4)
  2 worms
  3 leopard geckos
  11 orcs
  8 giant cockroaches
  12 goblins
  6 hobgoblins
  10 jackals
  3 quokkas (D:5)
  2 ball pythons
  A ball python skeleton (D:6)
  6 bats
  4 frilled lizards
  6 kobolds
  2 rats
  2 fungi (D:2)
103 creatures vanquished.

Vanquished Creatures (others)
  A hobgoblin (D:6)
  3 goblins (D:6)
4 creatures vanquished.

Grand Total: 107 creatures vanquished

Notes
Turn   | Place    | Note
-------+----------+-------------------------------------------
     0 | D:1      | misha the Minotaur Fighter began the quest for the Orb.
     0 | D:1      | Reached XP level 1. HP: 19/19 MP: 0/0
   152 | D:1      | Reached XP level 2. HP: 24/27 MP: 1/1
   766 | D:2      | Reached skill level 3 in Maces & Flails
   766 | D:2      | Reached XP level 3. HP: 30/33 MP: 2/2
  1597 | D:2      | Found a runed translucent door.
  1598 | D:2      | Noticed Crazy Yiuf
  1631 | D:2      | Killed Crazy Yiuf
  1631 | D:2      | Reached XP level 4. HP: 21/41 MP: 3/3
  1860 | D:3      | Reached skill level 4 in Maces & Flails
  1998 | D:3      | Reached XP level 5. HP: 40/47 MP: 4/4
  2309 | D:3      | Found a faded altar of an unknown god.
  2405 | D:3      | Reached skill level 5 in Fighting
  2405 | D:3      | Reached skill level 5 in Maces & Flails
  2430 | D:3      | Reached skill level 5 in Shields
  2438 | D:3      | HP: 2/48 [shadow imp/nerve-wracking pain (10)]
  2540 | D:4      | Reached XP level 6. HP: 56/56 MP: 5/5
  2617 | D:4      | Found Ceniyta's Armour Shoppe.
  3008 | D:5      | Entered Level 5 of the Dungeon
  3023 | D:5      | Reached skill level 6 in Maces & Flails
  3276 | D:5      | Found the brooch of Shielding {Reflect SH+8}
  3312 | D:5      | Reached XP level 7. HP: 53/62 MP: 6/6
  3656 | D:5      | Reached skill level 7 in Maces & Flails
  4502 | D:6      | Killed from afar by an electric eel

Skill      XL: |  1  2  3  4  5  6  7 |
---------------+----------------------+-----
Fighting       | 4 5 6 |  6.3
Armour         | 4 |  4.0
Maces & Flails | 3 4 5 6 7 |  7.4
Shields        | 4 5 6 |  6.1

Action                   |  1- 3 |  4- 6 |  7- 9 || total
-------------------------+-------+-------+-------++-------
Melee: Flail             |    83 |       |       ||    83
       Headbutt          |    17 |    31 |    11 ||    59
       Mace              |     9 |   206 |    83 ||   298
  Use: Scroll            |     5 |     4 |     1 ||    10
       Potion            |       |     1 |       ||     1
 Stab: Invisible         |     1 |       |       ||     1
  Eat: Chunk             |     2 |     6 |     4 ||    12
Armor: Scale mail        |    31 |   110 |    19 ||   160
       Plate armour      |       |       |     3 ||     3
Dodge: Dodged            |    25 |    68 |    16 ||   109
Block: Shield            |    29 |   105 |    65 ||   199
       Reflection        |       |       |    17 ||    17
